 Dungeon Crawl Stone Soup version 0.29-a0-330-g52719c12eb (webtiles) character file.

Game seed: 2294056490188372861

399 kae the Firebug (level 6, -8/45 HPs)
             Began as a Demigod Fire Elementalist on May 20, 2022.
             Mangled by an ice devil (13 damage)
             ... summoned by a kobold demonologist
             ... on level 5 of the Dungeon.
             The game lasted 00:03:27 (6299 turns).

kae the Firebug (Demigod Fire Elementalist)         Turns: 6299, Time: 00:03:28

Health: -8/45      AC:  3    Str:  7 (9)  XL:     6   Next: 28%
Magic:  0/13       EV: 12    Int: 23 (25) God:
Gold:   170        SH:  0    Dex: 12 (14) Spells: 2/11 levels left

rFire   . . .      SeeInvis .   (no weapon)
rCold   . . .      Faith    .   (no shield)
rNeg    . . .      Spirit   +   a - +1 robe
rPois   .          Reflect  .   (no helmet)
rElec   .          Harm     .   (no cloak)
rCorr   .          Rampage  .   (no gloves)
Will    .....                   (no boots)
Stlth   ++........              h - amulet of guardian spirit
HPRegen 0.15/turn               (no ring)
MPRegen 0.13/turn               (no ring)

@: no status effects
A: high MP 1, forlorn, divine attributes
a: no special abilities


You were on level 5 of the Dungeon.
You visited 1 branch of the dungeon, and saw 5 of its levels.

You collected 170 gold pieces.

Inventory:

Armour
 a - a +1 robe (worn)
Jewellery
 f - a ring of ice
 g - an amulet of reflection
 h - an amulet of guardian spirit (around neck)
Potions
 b - a potion of magic
 d - a potion of brilliance
 i - a potion of degeneration


   Skills:
 - Level 1.7 Dodging
 - Level 1.7 Stealth
 + Level 3.0 Spellcasting
 * Level 3.9 Conjurations
 * Level 4.7 Fire Magic


You had 2 spell levels left.
You knew the following spells:

 Your Spells              Type           Power      Damage    Failure   Level
a - Foxfire               Conj/Fire      92%        2x1d8     1%          1
b - Scorch                Fire           50%        2d7       2%          2
c - Conjure Flame         Conj/Fire      23%        6-21      6%          3
d - Inner Flame           Hex/Fire       14%        N/A       13%         3

Your spell library contained the following spells:

 Spells                   Type           Power      Damage    Failure   Level
 Magic Dart               Conj           84%        1d7       2%          1
 Apportation              Tloc           6%         N/A       12%         1
 Call Imp                 Summ           3%         N/A       17%         2
 Corpse Rot               Necr/Air       6%         N/A       17%         2
 Poisonous Vapours        Pois/Air       6%         N/A       17%         2
 Flame Wave               Conj/Fire      23%        2d7       19%         4
 Mephitic Cloud           Conj/Pois/Air  9%         N/A       21%         3
 Alistair's Intoxication  Tmut/Pois      2%         N/A       97%         5


Dungeon Overview and Level Annotations

Branches:
Dungeon (5/15)
 Temple: D:4-7

Shops:
D:2 =

Annotations:
D:4 Dowan, Duvessa


Innate Abilities, Weirdness & Mutations

You have an increased reservoir of magic. (+10% MP)
You shall have no god before yourself.
Your divine heritage dramatically boosts your attributes as you level up.


Message History

The phantom hits you but does no damage.
The phantom hits you.
The shadow imp disappears for a moment.
The phantom barely misses you.
Your magical contamination has completely faded away.
The phantom closely misses you.
You miss the phantom.
The kobold demonologist mumbles some strange words.
The phantom hits you.
You closely miss the phantom.
You feel less invigorated.
You feel less confused. The shadow imp spits at you.
The shadow imp gestures at you. Pain shoots through your body!
The phantom hits you!
The phantom blinks!
You blink.
The iguana attacks as you move away! The iguana bites you.
The phantom attacks as you move away! The phantom hits you.
The phantom attacks as you move away! The phantom hits you.
The phantom attacks as you move away! The phantom completely misses you.
An adder comes into view.
The soul eater draws from the surrounding life force!
The phantom attacks as you move away! The phantom barely misses you.
The soul eater draws from the surrounding life force!
* * * LOW HITPOINT WARNING * * *
The phantom attacks as you move away! The phantom hits you.
* * * LOW HITPOINT WARNING * * *
The phantom attacks as you move away!
The phantom hits you but does no damage.
The kobold demonologist gestures wildly while chanting.
The kobold demonologist looks satisfied for a moment.
The phantom attacks as you move away! The phantom barely misses you.
The kobold demonologist looks encouraged for a moment.
The phantom attacks as you move away! The phantom barely misses you.
The ice devil attacks as you move away! The ice devil barely misses you.
The adder attacks as you move away! The adder bites you.
* * * LOW HITPOINT WARNING * * *
The ice devil attacks as you move away! The ice devil hits you.
* * * LOW HITPOINT WARNING * * *
The ice devil freezes you!
You die...

. #.####....# # ##.........## #
##...........## #####
##.............### ....######
#............>....
.........#######.................
............^...[............##..
...............4...........#####.
..####........WS@........### #..
..# #.....o............### #..
..###......K...........# #..
..(#.........l...####..# ##..
..............#### #..## #...
.............## ##..# ##...
#####.......## #..# #....
#......## ##..## #.... #......#
#....## #.<..


You could see an ice devil (summoned), a kobold demonologist, a phantom, an
iguana, an adder and an orc.

Vanquished Creatures
  A centaur (D:5)
  2 orc priests (D:3)
  A jelly (D:5)
  2 orc wizards (D:3)
  3 gnolls
  4 adders
  A shadow imp (D:5)
  An ufetubus (D:4)
  3 worms
  2 dart slugs
  10 orcs
  11 endoplasms
  4 giant cockroaches
  3 goblins
  10 hobgoblins
  8 kobolds
  4 quokkas
  8 ball pythons
  4 bats
  2 frilled lizards (D:3)
  6 rats
90 creatures vanquished.

Vanquished Creatures (others)
  307 foxfires
307 creatures vanquished.

Grand Total: 397 creatures vanquished

Notes
Turn   | Place    | Note
-------+----------+-------------------------------------------
     0 | D:1      | kae the Demigod Fire Elementalist began the quest for the
                  | Orb.
     0 | D:1      | Reached XP level 1. HP: 14/14 MP: 5/5
     9 | D:1      | Reached skill level 1 in Conjurations
   352 | D:1      | Reached XP level 2. HP: 20/20 MP: 4/7
   388 | D:1      | Reached skill level 3 in Fire Magic
  1254 | D:1      | Reached XP level 3. HP: 26/26 MP: 6/8
  1784 | D:2      | Learned a level 2 spell: Scorch
  1877 | D:2      | Found Xemuum's Jewellery Shoppe.
  2134 | D:2      | Learned a level 3 spell: Conjure Flame
  3345 | D:3      | Reached XP level 4. HP: 33/33 MP: 7/10
  3392 | D:3      | Noticed a gnoll sergeant
  4066 | D:3      | Reached skill level 4 in Fire Magic
  4127 | D:3      | Reached XP level 5. HP: 38/38 MP: 7/11
  4181 | D:3      | Learned a level 3 spell: Inner Flame
  5288 | D:4      | Noticed Dowan
  5291 | D:4      | Noticed Duvessa
  5301 | D:4      | HP: 1/38 [Duvessa/+0 short sword (7)]
  6081 | D:5      | Entered Level 5 of the Dungeon
  6241 | D:5      | Noticed a centaur
  6250 | D:5      | Reached XP level 6. HP: 27/45 MP: 4/13
  6250 | D:5      | Noticed a kobold demonologist
  6279 | D:5      | Noticed a soul eater
  6295 | D:5      | Noticed an ice devil
  6299 | D:5      | Mangled by an ice devil

Illustrated notes

Levels and vault maps discovered:
D:1:      dpeg_arrival_prison, layout_basic, chequers_ecumenical_altar_twisty
D:2:      layout_loops_ring, serial_shops, shop, kennysheep_generic_room_16
D:3:      layout_basic, minmay_stone_trees_medium, st_stairs_5
D:4:      layout_basic, uniq_duvessa
D:5:      cheibrodos_fzero, layout_layer_cave, overflow_temple_1_default,
          minmay_temple_entry_from_below_b, minivault_27, uniq_menkaure

Skill      XL: |  1  2  3  4  5  6 |
---------------+-------------------+-----
Conjurations   | 1 2 3 |  3.9
Fire Magic     | 3 4 |  4.7
Spellcasting   | 2 3 |  3.0
Dodging        | |  1.7
Stealth        | |  1.7

Action                   |  1- 3 |  4- 6 || total
-------------------------+-------+-------++-------
Melee: Unarmed           |     2 |     4 ||     6
 Cast: Foxfire           |    90 |    91 ||   181
       Scorch            |     7 |    16 ||    23
       Conjure Flame     |       |     4 ||     4
  Use: Scroll            |     6 |     5 ||    11
       Potion            |       |     5 ||     5
Armor: Robe              |     7 |    10 ||    17
Dodge: Dodged            |    24 |    40 ||    64

Table legend: (Time is in decaauts)
 A = Elapsed time spent in this place.
 B = Non-inter-level travel time spent in this place.
 C = Inter-level travel time spent in this place.
 D = Time resting spent in this place.
 E = Time spent auto-exploring this place.
 F = Levels seen in this place.
 G = Mean time per level.
                   A        B        C        D        E       F      G
               +--------+--------+--------+--------+--------+-----+--------+
         Total |   6301 |   6196 |    105 |    907 |   4485 |   5 | 1260.2 |
       Dungeon |   6301 |   6196 |    105 |    907 |   4485 |   5 | 1260.2 |
               +--------+--------+--------+--------+--------+-----+--------+

Top non-repeatable levels by time:
     D:2: 2045 daAuts
     D:1: 1737 daAuts
     D:3: 1185 daAuts
     D:4: 1115 daAuts
     D:5: 217 daAuts
